 Dungeon Crawl Stone Soup version 0.27.0-1-g7a089689b8 (webtiles) character file.

Game seed: 15681742937021891002

23 Descartes the Sneak (level 2, -3/13 HPs)
             Began as a Spriggan Enchanter on Aug 10, 2021.
             Slain by a worm (10 damage)
             ... on level 2 of the Dungeon.
             The game lasted 00:02:32 (1931 turns).

Descartes the Sneak (Spriggan Enchanter)            Turns: 1931, Time: 00:02:32

Health: -3/13      AC:  2    Str:  4    XL:     2   Next: 72%
Magic:  4/6        EV: 17    Int: 16    God:
Gold:   73         SH:  0    Dex: 15    Spells: 4/6 levels left

rFire    . . .     SeeInvis +   a - +1 dagger
rCold    . . .     Faith    .   (shield restricted)
rNeg     . . .     Spirit   .   b - +0 robe
rPois    .         Reflect  .   (helmet restricted)
rElec    .         Harm     .   (no cloak)
rCorr    .         Rampage  .   (gloves unavailable)
Will     .....                  (boots unavailable)
Stlth    +++.......             g - amulet of the acrobat
HPRegen  0.04/turn              (no ring)
MPRegen  0.10/turn              (no ring)

@: very slightly contaminated, very quick
A: very small, no large weapons, unfitting armour, see invisible, speed 3
a: no special abilities


You were on level 2 of the Dungeon.
You visited 1 branch of the dungeon, and saw 2 of its levels.

You collected 73 gold pieces.

Inventory:

Hand Weapons
 a - a +1 dagger (weapon)
Missiles
 d - 18 poisoned darts (quivered)
 e - 15 arrows
 f - 14 sling bullets
Armour
 b - a +0 robe (worn)
Jewellery
 g - an amulet of the acrobat (around neck)
 j - a +6 ring of strength
 k - a ring of flight
Scrolls
 c - a scroll of silence {unknown}
 h - a scroll of identify {unknown}
Potions
 i - a potion of degeneration {unknown}


   Skills:
 - Level 1.1 Short Blades
 - Level 2.6 Dodging
 + Level 6.2 Stealth
 - Level 2.6 Spellcasting
 - Level 3.6 Hexes


You had 4 spell levels left.
You knew the following spells:

 Your Spells              Type           Power      Damage    Failure   Level
a - Corona                Hex            14%        N/A       4%          1
b - Apportation           Tloc           4%         N/A       19%         1

Your spell library contained the following spells:

 Spells                   Type           Power      Damage    Failure   Level
 Confusing Touch          Hex            13%        N/A       13%         3
 Tukima's Dance           Hex            13%        N/A       13%         3
 Ensorcelled Hibernation  Hex/Ice        14%        N/A       14%         2
 Animate Skeleton         Necr           4%         N/A       19%         1
 Summon Small Mammal      Summ           8%         N/A       19%         1
 Dazzling Flash           Conj/Hex       14%        N/A       28%         3


Dungeon Overview and Level Annotations

Branches:
Dungeon (2/15)

Altars:


Innate Abilities, Weirdness & Mutations

You are very small and have problems with some larger weapons.
You are too small for most types of armour.
You have supernaturally acute eyesight. (SInv)
You cover ground extremely quickly. (Speed+++)


Message History

The worm is moderately wounded.
The worm misses you.
You hit the worm.
The worm is moderately wounded.
You hit the worm.
The worm is heavily wounded.
The worm completely misses you.
You hit the worm but do no damage.
The worm is heavily wounded.
You hit the worm.
The worm is heavily wounded.
The worm misses you.
You hit the worm.
The worm is heavily wounded.
The worm closely misses you.
You hit the worm but do no damage.
The worm is heavily wounded.
The worm stops glowing.
You hit the worm but do no damage.
The worm is heavily wounded.
The worm bites you but does no damage.
Casting: Corona (safe; 4% risk of failure)
Confirm with . or Enter, or press ? or * to list all spells.
Aiming: Corona (safe; 4% risk of failure)
Press: ? - help, Shift-Dir - straight line, f/p - worm
Aim: a worm (heavily wounded, chance to affect: 58%)
You miscast Corona.
You are very lightly contaminated with residual magic.
Nothing appears to happen.
Casting: Corona (safe; 4% risk of failure)
Confirm with . or Enter, or press ? or * to list all spells.
Aiming: Corona (safe; 4% risk of failure)
Press: ? - help, Shift-Dir - straight line, f/p - worm
Aim: a worm (moderately wounded, chance to affect: 58%)
The worm is outlined in light.
You hit the worm.
The worm is moderately wounded.
The worm bites you!
Ouch! That really hurt!
You die...

.# .# #.# #.# ÷# #.# #.# .# #.#
#.# ♣##############.###.#
♣♣.......#.......##.#
.........#.....#.##.#####
♣♣.......#.....#..#.....#####.#
♣#########......@w..?........>#
.# #.....#....##.#.....#######
.# #.....#....##.#......)....#
.# #.....#######.#...........#
.####.....# #.#...........#
.#........#######...###.#######
.#.######...........# #.# .#.#
#...........###.###### '#.#
#....................#


You could see a worm (corona).

Vanquished Creatures
  A worm (D:2)
  A dart slug (D:1)
  A bat (D:2)
  An endoplasm (D:2)
  2 giant cockroaches (D:1)
  5 goblins
  A hobgoblin (D:1)
  A ball python (D:1)
  2 frilled lizards (D:2)
  A kobold (D:1)
16 creatures vanquished.

Notes
Turn   | Place    | Note
-------+----------+-------------------------------------------
     0 | D:1      | Descartes the Spriggan Enchanter began the quest for the
                  | Orb.
     0 | D:1      | Reached XP level 1. HP: 9/9 MP: 5/5
   459 | D:1      | Reached skill level 5 in Stealth
   471 | D:1      | Learned a level 1 spell: Apportation
   621 | D:1      | Reached XP level 2. HP: 9/13 MP: 6/6
   990 | D:2      | Reached skill level 6 in Stealth
  1931 | D:2      | Slain by a worm

Illustrated notes

Levels and vault maps discovered:
D:1:      sevenhm_arrival_forest_fort_large_4, layout_loops_cross
D:2:      layout_basic, kennysheep_cross_bottleneck

Skill      XL: |  1  2 |
---------------+-------+-----
Stealth        | 5 6 |  6.2
Short Blades   | |  1.1
Dodging        | |  2.6
Spellcasting   | |  2.6
Hexes          | |  3.6

Action                   || total
-------------------------++-------
Melee: Dagger            ||    86
 Cast: Corona            ||     2
 Stab: Sleeping          ||     7
Armor: Robe              ||     6
Dodge: Dodged            ||    45
